Map: King's Cove LE

Players

imbacile - Winner!

  • Race: Terran Terran
  • League: Platinum
  • Spawn Location: 11:00

HappyRogue

  • Race: Zerg Zerg
  • League: Diamond
  • Spawn Location: 5:00

VOD

Have the link to the VOD?

Description

Gasless opener into fast nukes.

Put on pressure or defend with 7 marines around 3:00
If executed perfectly you can launch 2 nukes with 2 cloaked ghosts at 5:30

Time

  • Played on: April 16, 2019, 1:58 p.m.
  • Length: 11:09
Show
View Real Time Build Order
Export as new Build Order

imbacile Terran - Winner!

Build Orders:  

Get SALT Encoding   

  12  0:01  SCV  
  13  0:13  SCV  
  14  0:19  Supply Depot  
  14  0:25  SCV  
  15  0:40  SCV  
  15  0:41  Barracks  
  16  0:52  SCV  
  16  0:53  Supply Depot  
  17  1:04  Barracks  
  17  1:07  SCV  
  18  1:19  SCV  
  19  1:28  Marine  
  19  1:31  SCV  
  21  1:44  SCV  
  21  1:46  Marine  
  23  1:52  Marine  
  24  2:00  Command Center  
  24  2:01  SCV  
  25  2:07  Supply Depot  
  25  2:13  SCV, Marine  
  25  2:15  Marine  
  28  2:22  Refinery  
  28  2:24  Refinery  
  28  2:36  Marine x2  
  30  2:51  Refinery  
  30  2:57  Marine x2  
  30  3:15  Ghost Academy  
  30  3:16  SCV  
  31  3:20  Marine x2  
  31  3:23  SCV  
  34  3:38  Bunker  
  34  3:40  Barracks Tech Lab x2  
  34  3:41  SCV x2  
  34  3:44  Personal Cloaking  
  36  3:53  SCV x2  
  38  4:00  Ghost  
  38  4:02  Marine  
  41  4:05  SCV  
  41  4:07  SCV  
  43  4:18  Refinery  
  43  4:20  Ghost  
  45  4:29  Factory  
  45  4:31  SCV  
  45  4:34  SCV  
  45  4:36  Marine  
  48  4:51  Ghost Academy  
  48  4:53  Marine  
  48  4:54  Marine  
  48  4:58  SCV x2  
  52  5:06  Supply Depot  
  52  5:10  SCV x2  
  54  5:22  Nuke x2  
  54  5:28  Marine  
  55  5:33  Siege Tank  
  58  5:38  SCV x2  
  58  5:39  Barracks Tech Lab  
  60  5:48  Engineering Bay  
  60  5:50  SCV x2  
  60  5:54  Starport  
  62  6:05  Supply Depot  
  62  6:27  SCV, Marine x2, Supply Depot, Siege Tank  
  62  6:31  Stimpack  
  62  6:32  Combat Shield  
  68  6:43  Medivac  
  70  6:47  Terran Infantry Weapons Level 1  
  70  6:49  Marine x2  
  70  6:52  Nuke  
  70  6:53  Engineering Bay  
  72  6:57  Orbital Command  
  72  7:03  Orbital Command  
  72  7:06  Marine x2  
  74  7:09  Siege Tank  
  77  7:19  Supply Depot  
  77  7:27  Medivac  
  79  7:31  SCV x2  
  79  7:34  Marine x2  
  83  7:43  Siege Tank  
  86  7:54  Marine x2  
  88  7:58  Medivac  
  90  8:12  Marine x2  
  91  8:18  Terran Infantry Armor Level 1  
  91  8:19  Command Center, Barracks  
  92  8:21  Barracks  
  92  8:22  Armory  
  92  8:26  Nuke  
  92  8:30  Marine x2  
  92  8:32  Siege Tank  
  97  8:48  Marine x2  
  99  9:05  Marine  
  87  9:45  Marine x2  
  82  9:46  Siege Tank  
  82  9:48  Viking  
  81  10:03  Marine x2  
  83  10:13  Missile Turret x2  
  81  10:14  Missile Turret x2  
  81  10:16  Barracks Reactor  
  81  10:17  Barracks Reactor  
  81  10:18  Viking  
  81  10:19  Siege Tank  
  81  10:20  Marine  
  81  10:21  Marine, Missile Turret  
Show
View Real Time Build Order
Export as new Build Order

HappyRogue Zerg 

Build Orders: Hatch First, Muta Ling Bane 

Get SALT Encoding   

  12  0:02  Drone  
  13  0:12  Overlord  
  13  0:18  Drone  
  14  0:23  Extractor  
  14  0:24  Drone  
  15  0:31  Drone  
  16  0:38  Drone  
  17  0:47  Drone  
  18  1:00  Hatchery  
  18  1:01  Drone  
  18  1:15  Spawning Pool  
  18  1:18  Drone  
  18  1:22  Extractor  
  18  1:24  Drone  
  18  1:35  Drone  
  18  2:01  Queen  
  21  2:08  Zergling x2  
  21  2:09  Zergling x2  
  21  2:10  Overlord  
  21  2:15  Spine Crawler  
  21  2:20  Zergling x2  
  21  2:21  Zergling x2  
  23  2:25  Spine Crawler  
  22  2:34  Queen  
  22  2:35  Drone  
  22  2:36  Drone  
  26  2:46  Overlord  
  26  2:55  Overlord  
  25  3:14  Drone x5  
  25  3:18  Metabolic Boost  
  30  3:34  Lair  
  30  3:38  Baneling Nest  
  30  3:40  Drone x2  
  31  3:45  Extractor  
  30  3:54  Drone x4  
  34  3:58  Drone x2  
  36  4:05  Overlord  
  36  4:22  Overlord x2  
  36  4:25  Zergling x4, Drone x2  
  40  4:34  Centrifical Hooks  
  40  4:36  Zergling x2  
  40  4:37  Zergling x2  
  42  4:44  Extractor  
  42  4:45  Drone x2  
  43  4:46  Drone, Extractor  
  43  4:50  Baneling  
  43  4:51  Baneling x3  
  43  4:56  Drone x2  
  43  4:57  Drone  
  46  5:10  Zergling x10  
  46  5:11  Zergling x2  
  52  5:20  Overlord x2  
  52  5:37  Hatchery  
  51  5:44  Drone  
  51  5:45  Drone x4  
  51  5:46  Drone  
  58  5:57  Drone x3  
  58  5:58  Drone x2  
  62  6:07  Drone  
  62  6:08  Drone x4  
  62  6:10  Overlord  
  28  6:40  Spine Crawler  
  28  6:46  Spire  
  26  6:51  Spore Crawler  
  25  7:00  Drone x5  
  30  7:04  Drone x6  
  30  7:05  Drone  
  37  7:18  Queen  
  39  7:29  Queen  
  41  8:33  Mutalisk  
  41  8:34  Mutalisk x8  
  59  8:47  Drone  
  59  8:48  Drone x2  
  18  9:47  Zergling x12  
  18  9:48  Zergling x4  
  26  10:21  Hatchery  
Tags
 
Add a new tag
Caveats
  • Supply blocks, unpowered buildings, or Contaminate may cause inaccurate times.
  • Supply counts are checked every 10 seconds.